[Event "4NCL Div 2 2024-25"]
[Site "England"]
[Date "2025.04.06"]
[Round "8.40"]
[White "Brooks, Phil J"]
[Black "Coates, Kenneth G"]
[Result "1-0"]
[Annotator "ChessBase"]
[ECO "D10"]
[WhiteElo "2124"]
[BlackElo "1934"]
[PlyCount "99"]
[EventDate "2024.11.23"]
[EventType "team-tourn"]
[EventCountry "ENG"]
[SourceTitle "playchess.com"]
[Source "ChessBase"]
[SourceQuality "1"]
[TimeControl "40/6000+30:3000+30"]

1. d4 d5 2. c4 c6 3. cxd5 cxd5 4. Bf4 Nf6 5. e3 Nc6 6. Bd3 Qb6 7. Nc3 Bg4 8. Nge2 e6 9. O-O Be7 10. Na4 Qa5 11. a3 O-O 12. b4 Qd8 13. h3 Bh5 14. Nc5 Bxc5 15. bxc5 Bg6 16. Bb5 Re8 17. Bh2 Nd7 18. Nf4 Qa5 19. Ba4 Rac8 20. Nxg6 hxg6 21. Bb3 b6 22. cxb6 Nxb6 23. Qd3 Ne7 24. Bd6 Nc4 25. Bc5 Rxc5 26. dxc5 Qxc5 27. Rfc1 Rc8 28. a4 Qb4 29. Bd1 Rc6 30. Qe2 a5 31. Rab1 Qd6 32. Bb3 Na3 33. Ra1 Qb4 34. Qa2 Nc4 35. Bxc4 Rxc4 36. Rcb1 Qc5 37. Qb2 Nc6 38. Qb5 Nb4 39. Qe8+ Kh7 40. Qxf7 e5 41. Rd1 d4 42. exd4 exd4 43. Re1 d3 44. Re7 Rc1+ 45. Rxc1 Qxc1+ 46. Kh2 Qc3 47. Rd7 d2 48. Qf4 Nd3 49. Qh4+ Kg8 50. Qd8+ 1-0